[ AOE2 MATCH · #466495723 ]
Team RMJapanese vs Tupi
[ REPLAY ANALYSIS · EXTRACTED FROM THE RECORDED GAME ]
Feudal
—
Castle
—
Imperial
—
| APM avg | 12.4 |
| APM peak | 79 |
| eAPM avg | 9.7 |
| Villagers / military | 86 / 148 |
Focus
⚔️ 32.3% · 🌾 67.7%
Archer ×49 · Samurai ×45 · Spearman ×41 · Skirmisher ×9 · Trade Cart ×7 · Mangonel ×3
Feudal
—
Castle
—
Imperial
—
| APM avg | 36.6 |
| APM peak | 73 |
| eAPM avg | 16.3 |
| Villagers / military | 102 / 265 |
Focus
⚔️ 28.5% · 🌾 71.5%
Spearman ×102 · Skirmisher ×68 · Scout Cavalry ×39 · Knight ×35 · Militia ×16 · Battering Ram ×5
Feudal
—
Castle
—
Imperial
—
| APM avg | 12.0 |
| APM peak | 46 |
| eAPM avg | 9.3 |
| Villagers / military | 158 / 144 |
Focus
⚔️ 38.3% · 🌾 61.7%
Teutonic Knight ×67 · Knight ×33 · Battering Ram ×22 · Skirmisher ×16 · Trebuchet (Packed) ×5 · Monk ×1
Feudal
—
Castle
—
Imperial
—
| APM avg | 15.1 |
| APM peak | 39 |
| eAPM avg | 7.5 |
| Villagers / military | 91 / 184 |
Focus
⚔️ 32.6% · 🌾 67.4%
Archer ×90 · Shotel Warrior ×63 · Spearman ×28 · Trebuchet (Packed) ×2 · Monk ×1
Feudal
—
Castle
—
Imperial
—
| APM avg | 15.1 |
| APM peak | 41 |
| eAPM avg | 10.7 |
| Villagers / military | 82 / 156 |
Focus
⚔️ 42.6% · 🌾 57.4%
Archer ×47 · Spearman ×38 · Skirmisher ×32 · Genoese Crossbowman ×13 · Militia ×11 · Battering Ram ×11
Feudal
—
Castle
—
Imperial
—
| APM avg | 14.0 |
| APM peak | 38 |
| eAPM avg | 11.0 |
| Villagers / military | 151 / 146 |
Focus
⚔️ 28.7% · 🌾 71.3%
Ghulam ×88 · Camel Scout ×25 · Trade Cart ×23 · Bombard Cannon ×10 · Mangonel ×8 · Scout Cavalry ×8
Feudal
—
Castle
—
Imperial
—
| APM avg | 24.0 |
| APM peak | 88 |
| eAPM avg | 8.4 |
| Villagers / military | 88 / 20 |
Focus
⚔️ 21.9% · 🌾 78.1%
Unknown (2550) ×25 · Skirmisher ×20
Feudal
—
Castle
—
Imperial
—
| APM avg | 36.5 |
| APM peak | 87 |
| eAPM avg | 22.8 |
| Villagers / military | 137 / 121 |
Focus
⚔️ 32.1% · 🌾 67.9%
Unknown (882) ×55 · Knight ×43 · Bombard Cannon ×24 · Genoese Crossbowman ×24 · Archer ×22 · Monk ×8
Match map
Resources at game start + every placement click. Thick line = wall · dashed box = detected house wall. 🟡 gold · ⚪ stone · 🟢 berries · 🔶 boar · ⭕ relic
Inputs per minute
— SkilzDatKilz845 - - oblivion9595
Build order — SkilzDatKilz845
First 150 of 307 actions detected
| 0:01 | Create | Villager (Male) |
| 0:04 | Build | House |
| 0:08 | Build | House |
| 0:13 | Build | House |
| 0:49 | Research | Loom |
| 0:50 | Create | Villager (Male) ×3 |
| 1:54 | Create | Villager (Male) |
| 2:38 | Create | Villager (Male) |
| 2:42 | Research | Loom |
| 2:55 | Create | Villager (Male) |
| 3:04 | Create | Villager (Male) |
| 3:45 | Create | Villager (Male) |
| 3:45 | Create | Villager (Male) |
| 4:11 | Create | Villager (Male) |
| 4:12 | Create | Villager (Male) |
| 5:00 | Create | Villager (Male) |
| 5:37 | Create | Villager (Male) |
| 5:38 | Create | Villager (Male) |
| 5:53 | Create | Villager (Male) |
| 6:23 | Create | Villager (Male) |
| 6:55 | Create | Villager (Male) |
| 6:55 | Create | Villager (Male) |
| 7:34 | Build | Lumber Camp |
| 7:39 | Create | Villager (Male) |
| 7:40 | Create | Villager (Male) |
| 7:50 | Build | House |
| 7:52 | Build | House |
| 8:01 | Build | Mill |
| 8:49 | Create | Villager (Male) |
| 8:49 | Create | Villager (Male) |
| 9:25 | Build | Lumber Camp |
| 10:39 | Create | Villager (Male) |
| 10:40 | Create | Villager (Male) |
| 11:03 | Build | Lumber Camp |
| 11:12 | Create | Villager (Male) |
| 11:12 | Create | Villager (Male) |
| 12:34 | Build | Mining Camp |
| 12:41 | Build | Barracks |
| 12:52 | Build | House |
| 12:53 | Build | House |
| 12:59 | Build | House |
| 15:20 | Research | Feudal Age |
| 15:21 | Create | Villager (Male) ×5 |
| 15:22 | Create | Villager (Male) ×3 |
| 15:58 | Build | Mining Camp |
| 17:24 | Build | Lumber Camp |
| 17:51 | Build | Watch Tower |
| 17:56 | Build | Farm |
| 17:56 | Build | Farm |
| 17:57 | Build | Farm |
| 17:57 | Build | Farm |
| 18:03 | Build | Farm |
| 18:21 | Build | Stone Wall |
| 18:28 | Create | Spearman ×5 |
| 18:35 | Create | Villager (Male) |
| 19:36 | Create | Spearman |
| 20:27 | Create | Villager (Male) |
| 20:36 | Build | Archery Range |
| 20:40 | Create | Villager (Male) |
| 21:14 | Create | Spearman |
| 21:42 | Build | Watch Tower |
| 21:56 | Create | Villager (Male) |
| 22:03 | Build | Archery Range |
| 22:08 | Create | Archer ×5 |
| 22:08 | Create | Archer ×2 |
| 22:16 | Build | Farm |
| 22:32 | Create | Villager (Male) |
| 22:32 | Create | Villager (Male) |
| 23:02 | Create | Archer |
| 23:02 | Create | Archer |
| 23:18 | Create | Villager (Male) |
| 23:32 | Create | Archer ×5 |
| 23:32 | Create | Archer ×4 |
| 23:41 | Build | House |
| 23:42 | Build | House |
| 23:43 | Build | House |
| 23:44 | Build | House |
| 23:45 | Build | House |
| 23:46 | Build | House |
| 24:40 | Create | Archer ×5 |
| 25:55 | Create | Spearman ×5 |
| 26:46 | Create | Spearman |
| 26:47 | Create | Spearman |
| 26:50 | Create | Archer ×5 |
| 27:35 | Create | Spearman |
| 27:35 | Create | Spearman |
| 27:51 | Build | Mining Camp |
| 28:34 | Build | Barracks |
| 28:37 | Build | Barracks |
| 28:45 | Create | Villager (Male) |
| 28:45 | Create | Villager (Male) |
| 28:46 | Create | Villager (Male) |
| 29:13 | Build | Blacksmith |
| 29:23 | Build | Market |
| 30:18 | Research | Arson |
| 30:19 | Create | Spearman |
| 30:20 | Create | Spearman |
| 30:31 | Create | Villager (Male) ×5 |
| 30:48 | Create | Trade Cart |
| 30:49 | Create | Trade Cart |
| 30:50 | Create | Trade Cart |
| 30:59 | Build | Barracks |
| 31:04 | Build | Barracks |
| 31:28 | Create | Archer ×5 |
| 31:47 | Research | Castle Age |
| 31:51 | Create | Villager (Male) ×3 |
| 32:46 | Create | Archer ×5 |
| 32:57 | Create | Spearman ×4 |
| 33:08 | Build | House |
| 33:10 | Build | House |
| 33:11 | Build | House |
| 33:12 | Build | House |
| 33:13 | Build | House |
| 33:14 | Build | House |
| 33:15 | Build | House |
| 33:16 | Build | House |
| 33:36 | Build | House |
| 33:38 | Build | House |
| 33:43 | Build | House |
| 33:44 | Build | House |
| 34:01 | Create | Archer ×5 |
| 34:06 | Create | Spearman ×4 |
| 35:01 | Build | Blacksmith |
| 35:27 | Build | Castle |
| 36:10 | Research | Crossbowman (upgrade) |
| 36:44 | Research | Pikeman (upgrade) |
| 37:08 | Build | University |
| 37:13 | Build | Monastery |
| 37:26 | Build | Castle |
| 38:20 | Research | Elite Skirmisher (upgrade) |
| 38:26 | Research | Gambesons |
| 38:27 | Research | Squires |
| 38:42 | Build | Town Center |
| 39:01 | Create | Spearman ×2 |
| 39:08 | Create | Archer ×5 |
| 39:17 | Create | Archer |
| 39:52 | Create | Villager (Male) ×2 |
| 40:17 | Build | Siege Workshop |
| 42:17 | Build | Castle |
| 44:29 | Research | Yasama |
| 44:32 | Create | Samurai ×5 |
| 44:32 | Create | Samurai |
| 44:50 | Create | Battering Ram |
| 44:54 | Create | Mangonel |
| 44:54 | Create | Mangonel |
| 44:57 | Create | Mangonel |
| 45:10 | Create | Villager (Male) |
| 45:10 | Create | Villager (Male) |
| 45:19 | Build | Farm |
| 45:19 | Build | Farm |
Build order — oblivion9595
First 150 of 297 actions detected
| 0:01 | Create | Villager (Male) |
| 0:01 | Create | Villager (Male) |
| 0:01 | Create | Villager (Male) |
| 0:02 | Build | House |
| 0:04 | Build | House |
| 0:13 | Create | Villager (Male) |
| 1:41 | Create | Villager (Male) |
| 1:54 | Create | Villager (Male) |
| 2:47 | Create | Villager (Male) |
| 2:48 | Create | Villager (Male) |
| 3:24 | Build | Lumber Camp |
| 3:26 | Create | Villager (Male) |
| 3:33 | Create | Villager (Male) |
| 3:33 | Create | Villager (Male) |
| 4:28 | Build | House |
| 4:31 | Build | House |
| 4:35 | Create | Villager (Male) |
| 4:35 | Create | Villager (Male) |
| 4:42 | Create | Villager (Male) |
| 5:42 | Create | Villager (Male) |
| 5:43 | Create | Villager (Male) |
| 6:34 | Create | Villager (Male) |
| 6:48 | Build | Mill |
| 7:32 | Create | Villager (Male) |
| 8:04 | Build | Barracks |
| 8:40 | Research | Feudal Age |
| 9:41 | Build | Palisade Wall |
| 9:46 | Build | House |
| 9:50 | Build | Palisade Wall |
| 9:51 | Build | Palisade Wall |
| 9:53 | Build | Palisade Gate |
| 10:00 | Build | Lumber Camp |
| 10:23 | Create | Villager (Male) |
| 10:26 | Create | Villager (Male) |
| 11:06 | Build | Stable |
| 11:14 | Build | Blacksmith |
| 11:31 | Build | Farm |
| 11:32 | Build | Farm |
| 11:34 | Create | Villager (Male) |
| 11:43 | Research | Double-Bit Axe |
| 12:03 | Create | Scout Cavalry |
| 12:03 | Create | Scout Cavalry |
| 12:05 | Create | Scout Cavalry |
| 12:12 | Build | Farm |
| 12:20 | Create | Villager (Male) |
| 13:00 | Create | Scout Cavalry |
| 13:04 | Build | House |
| 13:06 | Build | House |
| 13:07 | Build | House |
| 13:24 | Build | Stable |
| 13:40 | Research | Forging |
| 13:48 | Create | Spearman |
| 13:49 | Create | Spearman |
| 15:07 | Create | Scout Cavalry |
| 15:07 | Create | Scout Cavalry |
| 15:11 | Create | Villager (Male) |
| 15:11 | Create | Villager (Male) |
| 15:19 | Build | Farm |
| 15:20 | Build | Farm |
| 15:22 | Build | Farm |
| 15:27 | Create | Villager (Male) |
| 15:27 | Create | Villager (Male) |
| 15:51 | Build | Farm |
| 15:56 | Build | Farm |
| 15:59 | Build | Farm |
| 16:03 | Create | Villager (Male) |
| 16:54 | Create | Spearman |
| 16:54 | Create | Spearman |
| 16:57 | Build | Farm |
| 16:57 | Build | Farm |
| 16:57 | Build | Farm |
| 16:58 | Build | Farm |
| 16:58 | Build | Farm |
| 16:59 | Build | Farm |
| 17:02 | Build | Farm |
| 17:04 | Build | Farm |
| 18:16 | Create | Spearman |
| 18:16 | Create | Spearman |
| 18:19 | Research | Loom |
| 18:35 | Build | Barracks |
| 19:01 | Create | Spearman |
| 19:14 | Build | Palisade Wall |
| 19:17 | Build | Palisade Wall |
| 19:18 | Build | Palisade Wall |
| 19:22 | Build | House |
| 19:23 | Build | House |
| 19:25 | Build | House |
| 19:27 | Build | House |
| 19:28 | Build | House |
| 19:30 | Build | House |
| 19:31 | Build | House |
| 20:21 | Build | Mining Camp |
| 21:09 | Create | Militia |
| 21:09 | Create | Militia |
| 21:09 | Create | Militia |
| 22:10 | Create | Villager (Male) |
| 22:42 | Research | Castle Age |
| 22:47 | Create | Scout Cavalry |
| 22:48 | Create | Scout Cavalry |
| 22:51 | Create | Militia |
| 23:08 | Build | Barracks |
| 23:47 | Research | Man-at-Arms (upgrade) |
| 23:48 | Create | Militia |
| 24:54 | Build | House |
| 24:56 | Build | House |
| 24:57 | Build | House |
| 24:58 | Build | House |
| 25:02 | Build | Stable |
| 25:30 | Build | Town Center |
| 25:42 | Build | Town Center |
| 26:10 | Create | Militia |
| 26:11 | Create | Militia |
| 26:11 | Create | Militia |
| 26:12 | Create | Militia |
| 26:19 | Create | Knight |
| 26:44 | Create | Knight |
| 27:23 | Create | Militia |
| 27:45 | Create | Villager (Male) ×5 |
| 27:46 | Create | Villager (Male) ×2 |
| 27:56 | Build | Farm |
| 27:56 | Build | Farm |
| 27:58 | Build | Farm |
| 27:59 | Build | Farm |
| 28:03 | Build | Farm |
| 28:07 | Build | Farm |
| 28:08 | Build | Farm |
| 28:09 | Build | Farm |
| 28:10 | Build | Farm |
| 28:12 | Create | Villager (Male) ×2 |
| 28:41 | Create | Villager (Male) ×2 |
| 28:48 | Create | Militia |
| 29:12 | Build | Siege Workshop |
| 29:33 | Research | Bow Saw |
| 29:41 | Create | Militia |
| 29:47 | Create | Knight |
| 29:53 | Build | Farm |
| 29:55 | Create | Villager (Male) ×2 |
| 30:11 | Create | Villager (Male) |
| 30:13 | Create | Villager (Male) |
| 30:30 | Create | Battering Ram |
| 30:33 | Create | Spearman |
| 30:34 | Create | Militia |
| 30:36 | Create | Militia |
| 30:38 | Create | Militia |
| 31:14 | Create | Villager (Male) ×5 |
| 31:21 | Build | Farm |
| 31:25 | Create | Villager (Male) ×2 |
| 31:45 | Create | Villager (Male) ×2 |
| 31:58 | Build | Farm |
| 32:14 | Build | Market |
Build order — Governator01
First 150 of 239 actions detected
| 0:03 | Research | Loom |
| 0:04 | Create | Villager (Male) ×4 |
| 0:09 | Build | House |
| 0:36 | Build | House |
| 0:51 | Build | House |
| 1:37 | Build | House |
| 2:06 | Create | Villager (Male) |
| 2:20 | Create | Villager (Male) |
| 2:55 | Create | Villager (Male) |
| 3:22 | Create | Villager (Male) |
| 3:54 | Create | Villager (Male) |
| 4:19 | Create | Villager (Male) |
| 4:19 | Create | Villager (Male) |
| 4:39 | Create | Villager (Male) |
| 4:40 | Create | Villager (Male) |
| 4:55 | Create | Villager (Male) |
| 5:47 | Create | Villager (Male) |
| 5:47 | Create | Villager (Male) |
| 5:48 | Create | Villager (Male) |
| 6:01 | Build | Lumber Camp |
| 6:17 | Create | Villager (Male) |
| 6:18 | Create | Villager (Male) |
| 7:08 | Create | Villager (Male) |
| 7:08 | Create | Villager (Male) |
| 7:08 | Create | Villager (Male) |
| 7:08 | Create | Villager (Male) |
| 7:22 | Build | Mill |
| 7:37 | Create | Villager (Male) |
| 9:41 | Research | Feudal Age |
| 9:50 | Build | House |
| 9:52 | Build | House |
| 9:53 | Build | House |
| 9:57 | Build | House |
| 10:56 | Build | Mill |
| 11:38 | Build | Mining Camp |
| 11:42 | Create | Villager (Male) |
| 11:42 | Create | Villager (Male) |
| 11:43 | Create | Villager (Male) |
| 11:43 | Create | Villager (Male) |
| 11:43 | Create | Villager (Male) |
| 12:25 | Build | Farm |
| 12:29 | Research | Horse Collar |
| 12:31 | Research | Double-Bit Axe |
| 12:46 | Build | Barracks |
| 12:53 | Build | Farm |
| 13:27 | Build | Market |
| 13:47 | Create | Villager (Male) |
| 13:48 | Create | Villager (Male) |
| 13:48 | Create | Villager (Male) |
| 13:52 | Research | Wheelbarrow |
| 13:52 | Create | Villager (Male) |
| 13:53 | Create | Villager (Male) |
| 13:53 | Create | Villager (Male) |
| 15:34 | Build | Watch Tower |
| 15:40 | Build | Mill |
| 16:00 | Build | Mining Camp |
| 16:45 | Create | Villager (Male) |
| 16:56 | Build | Blacksmith |
| 17:03 | Create | Villager (Male) |
| 17:46 | Create | Villager (Male) |
| 18:13 | Create | Villager (Male) |
| 18:19 | Research | Castle Age |
| 19:04 | Build | Stable |
| 20:22 | Build | Mill |
| 20:37 | Research | Fletching |
| 21:19 | Research | Bodkin Arrow |
| 21:24 | Build | University |
| 21:34 | Create | Villager (Male) |
| 22:05 | Build | Castle |
| 23:07 | Create | Teutonic Knight ×2 |
| 23:29 | Research | Ballistics |
| 24:07 | Create | Villager (Male) |
| 24:53 | Build | Farm |
| 24:54 | Build | Farm |
| 24:55 | Build | Farm |
| 25:02 | Create | Teutonic Knight |
| 25:03 | Create | Teutonic Knight |
| 25:57 | Create | Villager (Male) ×2 |
| 26:20 | Build | Monastery |
| 26:26 | Create | Villager (Male) |
| 26:26 | Create | Villager (Male) |
| 26:26 | Create | Villager (Male) |
| 26:33 | Build | Farm |
| 26:34 | Build | Farm |
| 26:35 | Build | Farm |
| 26:35 | Build | Farm |
| 26:36 | Build | Farm |
| 26:37 | Build | Farm |
| 26:48 | Create | Monk |
| 27:05 | Build | Farm |
| 27:06 | Build | Farm |
| 27:07 | Build | Farm |
| 27:07 | Build | Farm |
| 27:08 | Build | Farm |
| 27:09 | Build | Farm |
| 27:09 | Build | Farm |
| 27:10 | Build | Farm |
| 27:11 | Build | Farm |
| 27:12 | Build | Farm |
| 27:12 | Build | Farm |
| 27:13 | Build | Farm |
| 27:14 | Build | Farm |
| 27:16 | Create | Villager (Male) ×3 |
| 28:13 | Create | Villager (Male) ×5 |
| 28:14 | Create | Villager (Male) |
| 28:18 | Build | House |
| 28:19 | Build | House |
| 29:21 | Research | Bow Saw |
| 30:35 | Build | Town Center |
| 30:37 | Research | Imperial Age |
| 31:17 | Research | Masonry |
| 31:20 | Research | Forging |
| 31:21 | Research | Scale Mail Armor |
| 31:25 | Create | Knight |
| 32:15 | Create | Villager (Male) ×10 |
| 32:33 | Build | Town Center |
| 32:36 | Build | Town Center |
| 33:14 | Research | Hand Cart |
| 33:16 | Create | Villager (Male) ×2 |
| 33:35 | Create | Villager (Male) ×4 |
| 34:43 | Create | Villager (Male) |
| 34:43 | Create | Villager (Male) |
| 34:49 | Create | Villager (Male) |
| 34:49 | Create | Villager (Male) |
| 34:49 | Create | Villager (Male) |
| 34:49 | Create | Villager (Male) |
| 34:50 | Create | Villager (Male) |
| 34:50 | Create | Villager (Male) |
| 34:50 | Create | Villager (Male) |
| 35:06 | Research | Two-Man Saw |
| 35:57 | Build | Castle |
| 36:06 | Create | Villager (Male) ×8 |
| 36:12 | Create | Teutonic Knight |
| 36:33 | Create | Villager (Male) |
| 36:46 | Research | Iron Casting |
| 37:36 | Create | Teutonic Knight ×6 |
| 38:40 | Create | Teutonic Knight ×6 |
| 39:56 | Create | Knight ×15 |
| 40:15 | Create | Teutonic Knight ×5 |
| 40:39 | Create | Villager (Male) |
| 40:40 | Create | Villager (Male) ×3 |
| 40:47 | Create | Villager (Male) |
| 40:53 | Build | Farm |
| 40:54 | Build | Farm |
| 40:55 | Build | Farm |
| 40:56 | Build | Farm |
| 40:58 | Build | Farm |
| 40:58 | Build | Farm |
| 40:59 | Build | Farm |
| 41:03 | Build | Farm |
Build order — gebry_ct_94
First 150 of 233 actions detected
| 0:08 | Build | House |
| 0:10 | Create | Villager (Male) |
| 0:10 | Create | Villager (Male) |
| 0:11 | Create | Villager (Male) |
| 0:28 | Build | House |
| 0:32 | Build | House |
| 0:33 | Build | House |
| 0:43 | Create | Villager (Male) |
| 0:44 | Create | Villager (Male) |
| 0:45 | Research | Loom |
| 1:38 | Create | Villager (Male) |
| 2:19 | Create | Villager (Male) |
| 2:20 | Create | Villager (Male) |
| 2:59 | Create | Villager (Male) |
| 3:31 | Create | Villager (Male) |
| 3:31 | Create | Villager (Male) |
| 3:46 | Create | Villager (Male) |
| 4:12 | Build | Mill |
| 5:12 | Create | Villager (Male) |
| 5:12 | Create | Villager (Male) |
| 5:50 | Create | Villager (Male) |
| 5:50 | Create | Villager (Male) |
| 7:06 | Create | Villager (Male) |
| 7:06 | Create | Villager (Male) |
| 7:07 | Create | Villager (Male) |
| 8:01 | Create | Villager (Male) |
| 8:16 | Build | House |
| 8:23 | Build | House |
| 8:40 | Build | Lumber Camp |
| 8:59 | Create | Villager (Male) |
| 9:38 | Create | Villager (Male) |
| 9:38 | Create | Villager (Male) |
| 9:55 | Research | Feudal Age |
| 9:58 | Create | Villager (Male) |
| 11:20 | Create | Villager (Male) |
| 11:21 | Create | Villager (Male) |
| 11:58 | Build | Barracks |
| 12:39 | Create | Villager (Male) |
| 12:39 | Create | Villager (Male) |
| 13:06 | Build | Archery Range |
| 13:13 | Build | Stable |
| 13:17 | Build | Archery Range |
| 13:28 | Create | Spearman ×5 |
| 13:39 | Build | Farm |
| 13:40 | Build | Farm |
| 13:44 | Build | Farm |
| 13:45 | Build | Farm |
| 13:47 | Build | Farm |
| 14:27 | Build | Lumber Camp |
| 14:55 | Build | House |
| 15:00 | Build | House |
| 15:01 | Build | House |
| 15:02 | Build | House |
| 15:17 | Create | Archer ×3 |
| 15:41 | Create | Villager (Male) ×5 |
| 15:56 | Build | Mining Camp |
| 16:32 | Build | Farm |
| 16:34 | Build | Farm |
| 16:37 | Build | Farm |
| 16:57 | Build | Mill |
| 17:11 | Build | Farm |
| 17:14 | Create | Villager (Male) |
| 17:17 | Research | Double-Bit Axe |
| 17:29 | Research | Horse Collar |
| 18:04 | Build | Mining Camp |
| 18:35 | Create | Spearman |
| 18:35 | Create | Spearman |
| 18:37 | Create | Spearman |
| 18:42 | Build | Farm |
| 18:47 | Build | Farm |
| 20:48 | Research | Castle Age |
| 21:57 | Create | Villager (Male) |
| 21:58 | Create | Villager (Male) |
| 21:58 | Create | Villager (Male) |
| 22:18 | Build | Stone Wall |
| 23:39 | Create | Villager (Male) |
| 23:39 | Create | Villager (Male) |
| 23:56 | Build | Town Center |
| 24:30 | Build | Town Center |
| 24:37 | Build | Farm |
| 24:39 | Build | Farm |
| 25:00 | Build | Mining Camp |
| 25:33 | Build | Monastery |
| 25:42 | Build | University |
| 25:45 | Create | Villager (Male) |
| 25:46 | Create | Villager (Male) ×5 |
| 27:50 | Build | Market |
| 28:06 | Research | Thumb Ring |
| 28:06 | Research | Crossbowman (upgrade) |
| 28:08 | Create | Archer ×5 |
| 28:08 | Create | Archer ×5 |
| 28:20 | Build | Blacksmith |
| 28:25 | Create | Monk |
| 29:04 | Build | Archery Range |
| 29:06 | Build | Archery Range |
| 29:08 | Build | Archery Range |
| 29:09 | Build | Archery Range |
| 29:24 | Build | Stone Wall |
| 29:29 | Build | Building 490 |
| 29:33 | Research | Imperial Age |
| 30:36 | Build | House |
| 30:40 | Build | House |
| 31:39 | Create | Villager (Male) ×5 |
| 31:41 | Create | Villager (Male) ×5 |
| 32:00 | Build | Castle |
| 32:19 | Build | Palisade Wall |
| 32:24 | Build | Building 490 |
| 33:31 | Build | Lumber Camp |
| 34:11 | Research | Ballistics |
| 34:12 | Research | Chemistry |
| 34:34 | Build | Archery Range |
| 34:36 | Build | Archery Range |
| 34:49 | Build | Archery Range |
| 35:48 | Create | Villager (Male) ×5 |
| 36:09 | Research | Royal Heirs |
| 36:19 | Build | Farm |
| 36:20 | Build | Farm |
| 37:10 | Build | Stone Wall |
| 37:13 | Build | Stone Wall |
| 37:20 | Build | Stone Wall |
| 37:51 | Build | Archery Range |
| 38:01 | Build | Farm |
| 38:15 | Research | Arbalester (upgrade) |
| 38:20 | Create | Archer ×5 |
| 38:23 | Create | Archer ×5 |
| 38:34 | Research | Halberdier (upgrade) |
| 38:35 | Research | Squires |
| 38:35 | Research | Arson |
| 38:47 | Build | Farm |
| 39:12 | Create | Villager (Male) |
| 39:12 | Create | Villager (Male) |
| 39:40 | Build | Stone Wall |
| 39:49 | Build | Farm |
| 39:50 | Build | Farm |
| 39:51 | Build | Farm |
| 39:53 | Build | Farm |
| 39:54 | Build | Farm |
| 39:56 | Build | Farm |
| 40:06 | Create | Shotel Warrior ×5 |
| 41:01 | Create | Villager (Male) ×5 |
| 41:17 | Create | Villager (Male) ×3 |
| 42:06 | Build | Building 487 |
| 42:13 | Build | Stone Wall |
| 42:22 | Build | Castle |
| 42:38 | Build | House |
| 43:43 | Create | Trebuchet (Packed) |
| 43:43 | Create | Trebuchet (Packed) |
| 43:51 | Create | Villager (Male) |
| 44:04 | Build | Mining Camp |
| 44:34 | Research | Elite Shotel Warrior (upgrade) |
Build order — PokerCoffee
First 150 of 364 actions detected
| 0:07 | Build | House |
| 0:11 | Build | House |
| 0:15 | Create | Villager (Male) |
| 0:15 | Create | Villager (Male) |
| 0:15 | Create | Villager (Male) |
| 0:16 | Create | Villager (Male) |
| 1:45 | Create | Villager (Male) |
| 2:13 | Create | Villager (Male) |
| 2:47 | Create | Villager (Male) |
| 3:09 | Build | Lumber Camp |
| 3:14 | Create | Villager (Male) |
| 3:26 | Create | Villager (Male) |
| 3:53 | Build | House |
| 3:57 | Create | Villager (Male) |
| 3:57 | Create | Villager (Male) |
| 3:57 | Create | Villager (Male) |
| 6:19 | Research | Loom |
| 6:27 | Build | Mill |
| 6:49 | Create | Villager (Male) |
| 6:50 | Create | Villager (Male) |
| 7:31 | Create | Villager (Male) |
| 7:32 | Create | Villager (Male) |
| 7:32 | Create | Villager (Male) |
| 7:32 | Create | Villager (Male) |
| 8:25 | Build | House |
| 8:43 | Create | Villager (Male) |
| 8:44 | Create | Villager (Male) |
| 8:45 | Create | Villager (Male) |
| 8:46 | Create | Villager (Male) |
| 9:32 | Build | Mining Camp |
| 10:25 | Build | Barracks |
| 10:33 | Research | Feudal Age |
| 10:48 | Build | House |
| 11:09 | Create | Villager (Male) |
| 11:09 | Create | Villager (Male) |
| 11:13 | Create | Villager (Male) |
| 11:38 | Build | House |
| 11:45 | Build | Farm |
| 12:33 | Create | Villager (Male) |
| 12:33 | Create | Villager (Male) |
| 13:44 | Build | Farm |
| 13:50 | Create | Villager (Male) |
| 14:20 | Build | Mining Camp |
| 15:02 | Build | Farm |
| 15:06 | Build | Farm |
| 15:10 | Create | Villager (Male) |
| 15:12 | Create | Villager (Male) |
| 15:24 | Build | House |
| 15:37 | Create | Villager (Male) |
| 15:50 | Build | Blacksmith |
| 16:12 | Build | Farm |
| 16:20 | Build | Farm |
| 16:33 | Build | Farm |
| 16:50 | Build | Stable |
| 16:55 | Create | Villager (Male) |
| 17:00 | Build | Farm |
| 17:29 | Build | House |
| 17:35 | Create | Villager (Male) |
| 18:11 | Build | Farm |
| 18:14 | Research | Castle Age |
| 18:25 | Build | Farm |
| 18:30 | Build | House |
| 18:45 | Build | Lumber Camp |
| 18:53 | Create | Scout Cavalry |
| 18:54 | Create | Scout Cavalry |
| 19:05 | Build | Barracks |
| 19:15 | Create | Villager (Male) |
| 19:56 | Research | Scale Barding Armor |
| 20:26 | Create | Scout Cavalry |
| 20:37 | Build | House |
| 21:04 | Build | Archery Range |
| 21:24 | Create | Scout Cavalry |
| 21:30 | Build | Archery Range |
| 21:54 | Create | Villager (Male) |
| 21:54 | Create | Villager (Male) |
| 21:55 | Create | Villager (Male) |
| 22:05 | Create | Skirmisher |
| 22:05 | Create | Skirmisher |
| 22:05 | Create | Skirmisher |
| 22:06 | Create | Skirmisher |
| 22:07 | Research | Elite Skirmisher (upgrade) |
| 22:16 | Build | Farm |
| 22:51 | Build | Archery Range |
| 22:56 | Build | Farm |
| 23:04 | Build | University |
| 23:12 | Create | Villager (Male) |
| 23:12 | Create | Villager (Male) |
| 23:13 | Create | Villager (Male) |
| 23:27 | Research | Double-Bit Axe |
| 23:54 | Create | Villager (Male) |
| 23:54 | Create | Villager (Male) |
| 24:08 | Create | Skirmisher |
| 24:08 | Create | Skirmisher |
| 24:15 | Create | Villager (Male) |
| 24:31 | Build | House |
| 24:40 | Build | Farm |
| 24:45 | Create | Skirmisher |
| 24:46 | Create | Skirmisher |
| 24:46 | Create | Skirmisher |
| 24:47 | Create | Skirmisher |
| 24:49 | Create | Skirmisher |
| 24:50 | Create | Skirmisher |
| 24:58 | Create | Skirmisher |
| 24:58 | Create | Skirmisher |
| 25:23 | Research | Padded Archer Armor |
| 25:32 | Create | Villager (Male) |
| 25:32 | Create | Villager (Male) |
| 25:51 | Build | House |
| 26:09 | Research | Ballistics |
| 26:16 | Create | Villager (Male) |
| 26:16 | Create | Villager (Male) |
| 26:17 | Create | Villager (Male) |
| 26:26 | Research | Fletching |
| 26:53 | Build | House |
| 27:09 | Build | Farm |
| 27:15 | Create | Skirmisher |
| 27:15 | Create | Skirmisher |
| 27:15 | Create | Skirmisher |
| 27:15 | Create | Skirmisher |
| 27:16 | Create | Skirmisher |
| 27:29 | Research | Leather Archer Armor |
| 27:39 | Build | House |
| 27:49 | Create | Villager (Male) |
| 27:50 | Create | Villager (Male) |
| 28:27 | Build | Castle |
| 28:33 | Build | House |
| 28:53 | Build | Lumber Camp |
| 29:00 | Create | Villager (Male) |
| 29:00 | Create | Villager (Male) |
| 29:01 | Create | Villager (Male) |
| 29:16 | Research | Crossbowman (upgrade) |
| 29:26 | Research | Gold Mining |
| 29:35 | Create | Villager (Male) |
| 30:05 | Build | Siege Workshop |
| 30:14 | Research | Bow Saw |
| 30:19 | Research | Horse Collar |
| 30:23 | Build | Farm |
| 30:40 | Create | Villager (Male) |
| 30:40 | Create | Villager (Male) |
| 30:47 | Build | Farm |
| 30:52 | Build | Farm |
| 30:55 | Create | Genoese Crossbowman |
| 30:55 | Create | Genoese Crossbowman |
| 30:56 | Create | Genoese Crossbowman |
| 30:56 | Create | Genoese Crossbowman |
| 30:57 | Create | Genoese Crossbowman |
| 31:28 | Build | Archery Range |
| 31:40 | Build | House |
| 31:45 | Research | Stone Mining |
| 31:51 | Create | Villager (Male) |
Build order — Jaereg
First 150 of 423 actions detected
| 0:14 | Build | House |
| 0:23 | Create | Villager (Male) |
| 0:23 | Create | Villager (Male) |
| 0:23 | Create | Villager (Male) |
| 0:24 | Create | Villager (Male) |
| 2:09 | Create | Villager (Male) |
| 2:10 | Create | Villager (Male) |
| 2:29 | Create | Villager (Male) |
| 2:47 | Create | Villager (Male) |
| 3:08 | Build | House |
| 3:14 | Research | Loom |
| 3:18 | Create | Villager (Male) |
| 3:18 | Create | Villager (Male) |
| 3:18 | Create | Villager (Male) |
| 3:26 | Build | House |
| 3:27 | Build | House |
| 3:54 | Create | Villager (Male) |
| 4:07 | Create | Villager (Male) |
| 4:13 | Build | House |
| 4:47 | Create | Villager (Male) |
| 5:24 | Create | Villager (Male) |
| 5:24 | Create | Villager (Male) |
| 5:24 | Create | Villager (Male) |
| 5:46 | Create | Villager (Male) |
| 5:46 | Create | Villager (Male) |
| 6:05 | Create | Villager (Male) |
| 6:58 | Create | Villager (Male) |
| 7:32 | Create | Villager (Male) |
| 7:32 | Create | Villager (Male) |
| 7:33 | Create | Villager (Male) |
| 8:00 | Build | Mill |
| 8:10 | Create | Villager (Male) |
| 8:10 | Create | Villager (Male) |
| 8:11 | Create | Villager (Male) |
| 8:11 | Create | Villager (Male) |
| 8:31 | Create | Villager (Male) |
| 8:48 | Create | Villager (Male) |
| 9:09 | Create | Villager (Male) |
| 9:44 | Build | Lumber Camp |
| 10:06 | Create | Villager (Male) |
| 10:25 | Research | Feudal Age |
| 11:24 | Build | Barracks |
| 11:37 | Create | Villager (Male) |
| 12:16 | Build | Mining Camp |
| 12:27 | Create | Villager (Male) |
| 12:27 | Create | Villager (Male) |
| 12:48 | Build | House |
| 12:50 | Build | House |
| 13:14 | Build | House |
| 13:15 | Build | House |
| 13:16 | Build | House |
| 13:17 | Build | House |
| 13:39 | Build | Archery Range |
| 13:46 | Build | Stable |
| 14:02 | Build | Stable |
| 14:21 | Create | Scout Cavalry |
| 14:23 | Research | Bloodlines |
| 14:32 | Build | Stable |
| 14:36 | Create | Scout Cavalry |
| 14:36 | Create | Scout Cavalry |
| 14:41 | Create | Villager (Male) |
| 14:41 | Create | Villager (Male) |
| 14:45 | Build | Farm |
| 14:45 | Build | Farm |
| 14:46 | Build | Farm |
| 14:46 | Build | Farm |
| 14:46 | Build | Farm |
| 15:16 | Build | Mill |
| 15:42 | Create | Scout Cavalry |
| 15:42 | Create | Scout Cavalry |
| 16:19 | Create | Villager (Male) |
| 16:19 | Create | Villager (Male) |
| 17:32 | Create | Villager (Male) |
| 17:32 | Create | Villager (Male) |
| 17:32 | Create | Villager (Male) |
| 17:33 | Create | Villager (Male) |
| 17:33 | Create | Villager (Male) |
| 18:07 | Create | Villager (Male) |
| 18:07 | Create | Villager (Male) |
| 18:07 | Create | Villager (Male) |
| 18:08 | Create | Villager (Male) |
| 18:08 | Create | Villager (Male) |
| 18:36 | Create | Villager (Male) |
| 18:37 | Create | Villager (Male) |
| 18:37 | Create | Villager (Male) |
| 18:41 | Build | Farm |
| 18:41 | Build | Farm |
| 18:41 | Build | Farm |
| 18:42 | Build | Farm |
| 18:42 | Build | Farm |
| 18:42 | Build | Farm |
| 18:48 | Build | Farm |
| 18:48 | Build | Farm |
| 18:48 | Build | Farm |
| 18:56 | Research | Double-Bit Axe |
| 19:41 | Create | Villager (Male) |
| 19:42 | Create | Villager (Male) |
| 19:42 | Create | Villager (Male) |
| 19:42 | Create | Villager (Male) |
| 19:42 | Create | Villager (Male) |
| 19:43 | Create | Villager (Male) |
| 20:37 | Create | Villager (Male) |
| 20:39 | Research | Wheelbarrow |
| 20:47 | Build | Market |
| 21:31 | Build | Stone Wall |
| 21:55 | Build | Stone Wall |
| 22:13 | Build | Stone Wall |
| 22:21 | Create | Villager (Male) |
| 22:21 | Create | Villager (Male) |
| 22:22 | Research | Castle Age |
| 22:36 | Build | Mining Camp |
| 22:42 | Create | Villager (Male) |
| 22:48 | Research | Horse Collar |
| 23:08 | Build | Mill |
| 23:45 | Build | Stone Wall |
| 23:49 | Create | Villager (Male) |
| 23:50 | Create | Villager (Male) |
| 23:50 | Create | Villager (Male) |
| 24:31 | Build | Stone Wall |
| 24:36 | Build | Stone Wall |
| 24:56 | Create | Villager (Male) |
| 25:24 | Create | Villager (Male) |
| 25:24 | Create | Villager (Male) |
| 25:25 | Research | Hand Cart |
| 25:39 | Build | Town Center |
| 26:37 | Create | Villager (Male) |
| 26:37 | Create | Villager (Male) |
| 26:37 | Create | Villager (Male) |
| 26:38 | Create | Villager (Male) |
| 26:42 | Create | Villager (Male) |
| 26:42 | Create | Villager (Male) |
| 26:42 | Create | Villager (Male) |
| 26:56 | Create | Villager (Male) |
| 26:57 | Create | Villager (Male) |
| 26:57 | Create | Villager (Male) |
| 27:09 | Build | Mill |
| 27:14 | Build | Mining Camp |
| 27:19 | Research | Stone Mining |
| 27:25 | Research | Bow Saw |
| 27:48 | Create | Camel Scout |
| 27:48 | Create | Camel Scout |
| 27:49 | Create | Camel Scout |
| 27:50 | Create | Camel Scout |
| 28:04 | Research | Husbandry |
| 28:06 | Create | Villager (Male) |
| 28:06 | Create | Villager (Male) |
| 28:06 | Create | Villager (Male) |
| 28:07 | Create | Villager (Male) |
| 28:19 | Create | Villager (Male) |
| 28:58 | Create | Villager (Male) |
Build order — Gnaffgnaff
First 150 of 244 actions detected
| 0:07 | Build | House |
| 0:08 | Build | House |
| 0:13 | Create | Villager (Male) |
| 0:13 | Create | Villager (Male) |
| 0:26 | Create | Villager (Male) |
| 0:26 | Create | Villager (Male) |
| 1:30 | Research | Loom |
| 1:34 | Create | Villager (Male) |
| 2:26 | Create | Villager (Male) |
| 2:58 | Create | Villager (Male) |
| 3:30 | Create | Villager (Male) |
| 4:09 | Build | House |
| 4:14 | Create | Villager (Male) |
| 5:00 | Create | Villager (Male) |
| 5:00 | Create | Villager (Male) |
| 5:27 | Create | Villager (Male) |
| 6:09 | Create | Villager (Male) |
| 6:17 | Build | Settlement |
| 6:24 | Create | Villager (Male) |
| 7:07 | Create | Villager (Male) |
| 7:17 | Build | House |
| 7:26 | Create | Villager (Male) |
| 7:44 | Build | Settlement |
| 7:50 | Create | Villager (Male) |
| 8:16 | Research | Feudal Age |
| 8:16 | Research | Feudal Age |
| 10:14 | Build | Barracks |
| 10:39 | Create | Villager (Male) |
| 10:53 | Build | Barracks |
| 11:24 | Build | Outpost |
| 11:30 | Create | Unit 2550 |
| 11:30 | Create | Unit 2550 |
| 11:31 | Research | Tech 1402 |
| 11:48 | Create | Villager (Male) |
| 12:08 | Create | Unit 2550 |
| 12:09 | Create | Unit 2550 |
| 12:09 | Create | Unit 2550 |
| 12:09 | Create | Unit 2550 |
| 12:09 | Create | Unit 2550 |
| 12:18 | Create | Villager (Male) |
| 12:38 | Research | Arson |
| 12:47 | Create | Villager (Male) |
| 13:11 | Create | Unit 2550 |
| 13:12 | Create | Unit 2550 |
| 13:24 | Create | Villager (Male) |
| 13:31 | Build | Farm |
| 13:33 | Build | Farm |
| 13:34 | Build | Farm |
| 13:50 | Create | Unit 2550 |
| 14:03 | Build | Blacksmith |
| 14:15 | Build | Farm |
| 14:47 | Build | House |
| 15:11 | Create | Villager (Male) |
| 17:03 | Create | Villager (Male) |
| 17:04 | Create | Villager (Male) |
| 17:04 | Create | Villager (Male) |
| 17:48 | Build | Blacksmith |
| 17:58 | Build | Palisade Wall |
| 18:13 | Build | Watch Tower |
| 18:27 | Build | Palisade Wall |
| 18:32 | Create | Villager (Male) |
| 18:33 | Create | Villager (Male) |
| 18:48 | Research | Double-Bit Axe |
| 19:08 | Create | Villager (Male) |
| 19:19 | Build | Archery Range |
| 19:42 | Build | Archery Range |
| 19:46 | Create | Villager (Male) |
| 20:18 | Create | Skirmisher |
| 20:19 | Create | Skirmisher |
| 21:12 | Build | Farm |
| 21:15 | Build | Farm |
| 21:19 | Create | Unit 2550 |
| 21:19 | Create | Unit 2550 |
| 21:19 | Create | Unit 2550 |
| 21:42 | Build | Farm |
| 21:44 | Create | Skirmisher |
| 21:44 | Create | Skirmisher |
| 21:44 | Create | Skirmisher |
| 22:48 | Create | Skirmisher |
| 22:48 | Create | Skirmisher |
| 32:58 | Build | Town Center |
| 33:09 | Build | Settlement |
| 33:33 | Create | Villager (Male) |
| 33:33 | Create | Villager (Male) |
| 33:33 | Create | Villager (Male) |
| 33:34 | Create | Villager (Male) |
| 33:48 | Build | House |
| 33:49 | Build | House |
| 33:51 | Build | House |
| 33:52 | Build | House |
| 33:59 | Build | Farm |
| 34:00 | Build | Farm |
| 34:02 | Build | Farm |
| 34:04 | Build | Farm |
| 34:48 | Build | Market |
| 34:58 | Create | Villager (Male) |
| 35:58 | Build | Blacksmith |
| 36:02 | Create | Villager (Male) |
| 36:07 | Build | Farm |
| 36:17 | Build | House |
| 36:19 | Build | House |
| 36:22 | Build | House |
| 36:23 | Build | House |
| 36:25 | Build | House |
| 36:28 | Build | House |
| 36:32 | Create | Villager (Male) |
| 36:39 | Build | Farm |
| 36:41 | Create | Villager (Male) |
| 37:17 | Create | Villager (Male) |
| 37:21 | Build | Farm |
| 37:25 | Build | Farm |
| 37:28 | Create | Villager (Male) |
| 37:40 | Research | Horse Collar |
| 37:59 | Create | Villager (Male) |
| 38:19 | Build | House |
| 38:21 | Build | House |
| 38:24 | Build | House |
| 38:49 | Research | Castle Age |
| 39:22 | Build | Archery Range |
| 40:04 | Build | Barracks |
| 40:14 | Build | Archery Range |
| 40:16 | Build | Archery Range |
| 40:18 | Build | Archery Range |
| 40:25 | Build | House |
| 41:00 | Build | House |
| 41:03 | Build | House |
| 41:40 | Research | Town Watch |
| 41:53 | Build | Town Center |
| 42:12 | Build | Town Center |
| 42:15 | Create | Villager (Male) |
| 42:15 | Create | Villager (Male) |
| 43:17 | Build | Barracks |
| 43:22 | Create | Villager (Male) |
| 43:22 | Create | Villager (Male) |
| 43:36 | Build | House |
| 43:49 | Create | Villager (Male) |
| 43:49 | Create | Villager (Male) |
| 43:49 | Create | Villager (Male) |
| 44:35 | Create | Villager (Male) |
| 44:35 | Create | Villager (Male) |
| 44:35 | Create | Villager (Male) |
| 45:17 | Build | Farm |
| 45:18 | Build | Farm |
| 45:20 | Create | Villager (Male) |
| 45:23 | Build | Farm |
| 45:40 | Build | Farm |
| 45:50 | Build | Farm |
| 46:09 | Build | Settlement |
| 46:16 | Create | Villager (Male) |
| 46:16 | Create | Villager (Male) |
Build order — Thorfinn
First 150 of 585 actions detected
| 0:03 | Build | House |
| 0:08 | Build | House |
| 0:08 | Create | Villager (Male) |
| 0:09 | Create | Villager (Male) |
| 0:09 | Create | Villager (Male) |
| 0:10 | Create | Villager (Male) |
| 1:56 | Create | Villager (Male) |
| 1:56 | Create | Villager (Male) |
| 2:30 | Build | Lumber Camp |
| 2:50 | Create | Villager (Male) |
| 2:50 | Create | Villager (Male) |
| 2:50 | Create | Villager (Male) |
| 3:09 | Build | House |
| 3:13 | Build | House |
| 3:19 | Create | Villager (Male) |
| 3:19 | Create | Villager (Male) |
| 3:20 | Create | Villager (Male) |
| 3:20 | Create | Villager (Male) |
| 4:12 | Create | Villager (Male) |
| 4:12 | Create | Villager (Male) |
| 4:29 | Build | Mill |
| 4:37 | Create | Villager (Male) |
| 4:37 | Create | Villager (Male) |
| 4:37 | Create | Villager (Male) |
| 5:01 | Research | Loom |
| 5:01 | Research | Loom |
| 5:05 | Create | Villager (Male) |
| 5:05 | Create | Villager (Male) |
| 5:24 | Create | Villager (Male) |
| 5:24 | Create | Villager (Male) |
| 5:50 | Create | Villager (Male) |
| 5:51 | Create | Villager (Male) |
| 5:51 | Create | Villager (Male) |
| 6:21 | Create | Villager (Male) |
| 6:21 | Create | Villager (Male) |
| 6:21 | Create | Villager (Male) |
| 7:14 | Create | Villager (Male) |
| 7:14 | Create | Villager (Male) |
| 7:14 | Create | Villager (Male) |
| 7:38 | Create | Villager (Male) |
| 7:39 | Create | Villager (Male) |
| 7:39 | Create | Villager (Male) |
| 7:42 | Build | House |
| 7:57 | Create | Villager (Male) |
| 8:19 | Create | Villager (Male) |
| 8:20 | Create | Villager (Male) |
| 8:37 | Create | Villager (Male) |
| 9:07 | Build | Barracks |
| 9:09 | Build | House |
| 9:22 | Create | Villager (Male) |
| 9:27 | Build | House |
| 10:10 | Research | Feudal Age |
| 10:10 | Research | Feudal Age |
| 10:27 | Build | Lumber Camp |
| 11:15 | Build | Mining Camp |
| 11:33 | Create | Villager (Male) |
| 11:36 | Create | Villager (Male) |
| 11:36 | Create | Villager (Male) |
| 12:17 | Create | Villager (Male) |
| 12:26 | Build | Archery Range |
| 12:28 | Build | Archery Range |
| 12:55 | Research | Double-Bit Axe |
| 12:56 | Research | Gold Mining |
| 12:56 | Research | Gold Mining |
| 13:10 | Create | Villager (Male) |
| 13:17 | Create | Archer |
| 13:17 | Create | Archer |
| 13:18 | Create | Archer |
| 13:18 | Create | Archer |
| 13:18 | Create | Archer |
| 13:18 | Create | Archer |
| 13:23 | Build | House |
| 13:37 | Create | Villager (Male) |
| 13:47 | Create | Archer |
| 13:47 | Create | Archer |
| 14:10 | Build | House |
| 14:14 | Create | Archer |
| 14:15 | Create | Archer |
| 14:39 | Build | Lumber Camp |
| 14:59 | Create | Archer |
| 14:59 | Create | Archer |
| 14:59 | Create | Archer |
| 15:08 | Research | Wheelbarrow |
| 15:09 | Create | Villager (Male) |
| 15:09 | Create | Villager (Male) |
| 15:09 | Create | Villager (Male) |
| 15:09 | Create | Villager (Male) |
| 15:10 | Create | Villager (Male) |
| 15:37 | Create | Archer |
| 15:38 | Create | Archer |
| 15:38 | Create | Archer |
| 15:38 | Create | Archer |
| 15:46 | Create | Archer |
| 15:47 | Create | Archer |
| 16:10 | Create | Archer |
| 16:10 | Create | Archer |
| 16:10 | Create | Archer |
| 17:12 | Build | Blacksmith |
| 17:20 | Build | Market |
| 17:39 | Build | House |
| 17:42 | Create | Villager (Male) |
| 17:43 | Create | Villager (Male) |
| 17:50 | Build | Farm |
| 17:50 | Build | Farm |
| 17:50 | Build | Farm |
| 17:50 | Build | Farm |
| 17:51 | Build | Farm |
| 17:51 | Build | Farm |
| 17:51 | Build | Farm |
| 17:51 | Build | Farm |
| 17:51 | Build | Farm |
| 17:52 | Build | Farm |
| 17:52 | Build | Farm |
| 17:52 | Build | Farm |
| 17:52 | Build | Farm |
| 17:52 | Build | Farm |
| 18:45 | Build | Farm |
| 18:45 | Build | Farm |
| 18:45 | Build | Farm |
| 18:46 | Build | Farm |
| 18:46 | Build | Farm |
| 18:46 | Build | Farm |
| 18:46 | Build | Farm |
| 18:47 | Build | Farm |
| 18:47 | Build | Farm |
| 18:47 | Build | Farm |
| 18:47 | Build | Farm |
| 18:48 | Build | Farm |
| 18:48 | Build | Farm |
| 19:16 | Create | Villager (Male) |
| 19:17 | Create | Villager (Male) |
| 19:17 | Create | Villager (Male) |
| 19:50 | Build | Farm |
| 19:50 | Build | Farm |
| 19:51 | Build | Farm |
| 19:51 | Build | Farm |
| 19:51 | Build | Farm |
| 19:51 | Build | Farm |
| 19:57 | Research | Horse Collar |
| 19:57 | Research | Horse Collar |
| 20:10 | Build | House |
| 20:12 | Build | House |
| 20:24 | Create | Villager (Male) |
| 20:25 | Create | Villager (Male) |
| 20:28 | Research | Town Watch |
| 20:29 | Create | Villager (Male) |
| 20:29 | Create | Villager (Male) |
| 21:13 | Research | Fletching |
| 21:13 | Research | Fletching |
| 21:13 | Research | Padded Archer Armor |
Match timeline
| 8:04 | oblivion9595 · first_building Barracks |
| 9:07 | Thorfinn · first_building Barracks |
| 9:41 | oblivion9595 · wall_segment Palisade Wall x1 |
| 9:50 | oblivion9595 · wall_segment Palisade Wall x1 |
| 9:51 | oblivion9595 · wall_segment Palisade Wall x1 |
| 10:14 | Gnaffgnaff · first_building Barracks |
| 10:25 | PokerCoffee · first_building Barracks |
| 11:06 | oblivion9595 · first_building Stable |
| 11:24 | Jaereg · first_building Barracks |
| 11:58 | gebry_ct_94 · first_building Barracks |
| 12:26 | Thorfinn · first_building Archery Range |
| 12:41 | SkilzDatKilz845 · first_building Barracks |
| 12:46 | Governator01 · first_building Barracks |
| 13:06 | gebry_ct_94 · first_building Archery Range |
| 13:13 | gebry_ct_94 · first_building Stable |
| 13:39 | Jaereg · first_building Archery Range |
| 13:46 | Jaereg · first_building Stable |
| 16:50 | PokerCoffee · first_building Stable |
| 17:58 | Gnaffgnaff · wall_segment Palisade Wall x8 |
| 18:21 | SkilzDatKilz845 · wall_segment Stone Wall x7 |
| 18:27 | Gnaffgnaff · wall_segment Palisade Wall x13 |
| 19:04 | Governator01 · first_building Stable |
| 19:14 | oblivion9595 · wall_segment Palisade Wall x2 |
| 19:17 | oblivion9595 · wall_segment Palisade Wall x2 |
| 19:18 | oblivion9595 · wall_segment Palisade Wall x4 |
| 19:19 | Gnaffgnaff · first_building Archery Range |
| 20:36 | SkilzDatKilz845 · first_building Archery Range |
| 21:04 | PokerCoffee · first_building Archery Range |
| 21:31 | Jaereg · wall_segment Stone Wall x15 |
| 21:55 | Jaereg · wall_segment Stone Wall x12 |
| 22:05 | Governator01 · first_building Castle |
| 22:13 | Jaereg · wall_segment Stone Wall x14 |
| 22:18 | gebry_ct_94 · wall_segment Stone Wall x12 |
| 23:45 | Jaereg · wall_segment Stone Wall x8 |
| 24:31 | Jaereg · wall_segment Stone Wall x8 |
| 24:36 | Jaereg · wall_segment Stone Wall x7 |
| 25:33 | gebry_ct_94 · first_building Monastery |
| 26:20 | Governator01 · first_building Monastery |
| 27:11 | Thorfinn · first_market_buy 100 stone |
| 27:36 | Thorfinn · first_building Castle |
| 28:27 | PokerCoffee · first_building Castle |
| 28:58 | Jaereg · tribute_sent a jugador 1 |
| 28:58 | Jaereg · tribute_sent a jugador 2 |
| 28:58 | Jaereg · tribute_sent a jugador 3 |
| 28:58 | Jaereg · tribute_sent a jugador 4 |
| 28:58 | Jaereg · tribute_sent a jugador 5 |
| 28:58 | Jaereg · tribute_sent a jugador 7 |
| 28:58 | Jaereg · tribute_sent a jugador 8 |
| 29:12 | oblivion9595 · first_building Siege Workshop |
| 29:18 | Jaereg · wall_segment Stone Wall x10 |
| 29:24 | gebry_ct_94 · wall_segment Stone Wall x17 |
| 29:25 | Jaereg · wall_segment Stone Wall x11 |
| 30:05 | PokerCoffee · first_building Siege Workshop |
| 30:13 | Jaereg · first_building Monastery |
| 30:17 | Thorfinn · first_building Monastery |
| 31:43 | SkilzDatKilz845 · first_market_sell 500 wood |
| 31:44 | SkilzDatKilz845 · first_market_buy 500 food |
| 32:00 | gebry_ct_94 · first_building Castle |
| 32:19 | gebry_ct_94 · wall_segment Palisade Wall x8 |
| 32:45 | gebry_ct_94 · tribute_sent a jugador 1 |
| 32:45 | gebry_ct_94 · tribute_sent a jugador 2 |
| 32:45 | gebry_ct_94 · tribute_sent a jugador 4 |
| 32:45 | gebry_ct_94 · tribute_sent a jugador 5 |
| 32:45 | gebry_ct_94 · tribute_sent a jugador 6 |
| 32:45 | gebry_ct_94 · tribute_sent a jugador 7 |
| 32:45 | gebry_ct_94 · tribute_sent a jugador 8 |
| 33:40 | oblivion9595 · wall_segment Palisade Wall x2 |
| 34:00 | oblivion9595 · wall_segment Palisade Wall x3 |
| 34:01 | oblivion9595 · wall_segment Palisade Wall x1 |
| 35:27 | SkilzDatKilz845 · first_building Castle |
| 35:48 | Gnaffgnaff · first_market_buy 100 food |
| 36:50 | oblivion9595 · wall_segment Palisade Wall x2 |
| 37:10 | gebry_ct_94 · wall_segment Stone Wall x14 |
| 37:13 | gebry_ct_94 · wall_segment Stone Wall x5 |
| 37:13 | SkilzDatKilz845 · first_building Monastery |
| 37:20 | gebry_ct_94 · wall_segment Stone Wall x13 |
| 37:27 | Thorfinn · first_building Stable |
| 37:39 | Thorfinn · first_building Siege Workshop |
| 38:07 | Gnaffgnaff · first_market_sell 100 wood |
| 38:32 | Jaereg · first_building Castle |
| 38:46 | oblivion9595 · first_building Archery Range |
| 39:40 | gebry_ct_94 · wall_segment Stone Wall x18 |
| 40:13 | oblivion9595 · wall_segment Stone Wall x1 |
| 40:14 | oblivion9595 · wall_segment Stone Wall x1 |
| 40:15 | Thorfinn · first_market_sell 100 wood |
| 40:16 | oblivion9595 · wall_segment Stone Wall x1 |
| 40:17 | SkilzDatKilz845 · first_building Siege Workshop |
| 42:12 | Jaereg · first_building Siege Workshop |
| 42:13 | gebry_ct_94 · wall_segment Stone Wall x3 |
| 45:18 | Jaereg · wall_segment Stone Wall x1 |
| 47:03 | Governator01 · first_building Archery Range |
| 47:41 | Governator01 · first_building Siege Workshop |
| 48:55 | oblivion9595 · first_building Castle |
| 51:58 | Jaereg · first_market_buy 500 food |
| 52:24 | Gnaffgnaff · first_building Castle |
| 55:06 | gebry_ct_94 · wall_segment Stone Wall x33 |
| 55:57 | Jaereg · wall_segment Stone Wall x8 |
| 56:01 | Jaereg · wall_segment Stone Wall x11 |
| 56:18 | Gnaffgnaff · tribute_sent a jugador 1 |
| 56:18 | Gnaffgnaff · tribute_sent a jugador 2 |
| 56:18 | Gnaffgnaff · tribute_sent a jugador 3 |
| 56:18 | Gnaffgnaff · tribute_sent a jugador 4 |
| 56:18 | Gnaffgnaff · tribute_sent a jugador 5 |
| 56:18 | Gnaffgnaff · tribute_sent a jugador 6 |
| 56:18 | Gnaffgnaff · tribute_sent a jugador 8 |
| 58:12 | oblivion9595 · resign |
[ AI ANALYSIS · 1 CREDIT ]
What really happened in this match?
Wolo.gg analyzes every decision: build order, eco, micro, common mistakes by bracket. Personalized analysis on WhatsApp or Discord in 30 seconds.
Civ guide
Japanese
Map guide
Arabia
Perfil
SkilzDatKilz845